Map: Abyssal Reef LE

Players

Railgan - Winner!

  • Race: Zerg Zerg
  • League: Grandmaster
  • Spawn Location: 11:00

BlackWizard

  • Race: Protoss Protoss
  • League: Master
  • Spawn Location: 5:00

VOD

Have the link to the VOD?

Description

Time

  • Played on: Feb. 27, 2017, 5:43 p.m.
  • Length: 8:20
Show
View Real Time Build Order
Export as new Build Order

Railgan Zerg - Winner!

Build Orders: Pool First 

Get SALT Encoding   

  12  0:01  Drone  
  13  0:22  Spawning Pool  
  13  0:26  Drone  
  13  0:29  Drone  
  14  0:39  Overlord  
  14  0:59  Drone  
  14  1:00  Drone  
  16  1:05  Drone  
  17  1:11  Zergling x2  
  17  1:17  Hatchery  
  17  1:21  Drone  
  18  1:44  Hatchery  
  17  1:49  Zergling x2  
  18  1:58  Queen  
  20  2:04  Overlord  
  20  2:08  Zergling x2  
  21  2:26  Drone x3  
  24  2:31  Drone  
  25  2:38  Drone  
  25  2:41  Queen  
  28  2:47  Drone  
  29  2:53  Drone x2  
  31  2:59  Queen  
  31  3:03  Drone x2  
  35  3:06  Extractor  
  35  3:07  Drone  
  35  3:12  Drone x2  
  37  3:17  Overlord  
  37  3:18  Drone  
  38  3:23  Drone x2  
  38  3:26  Drone  
  39  3:28  Drone  
  39  3:30  Drone  
  41  3:35  Overlord  
  41  3:36  Drone  
  42  3:42  Drone  
  42  3:43  Drone  
  42  3:47  Queen  
  46  3:53  Drone x2  
  46  3:54  Drone  
  49  3:58  Drone x2  
  49  4:01  Overlord  
  51  4:03  Zergling x4  
  51  4:08  Drone x2  
  55  4:12  Extractor  
  55  4:15  Drone  
  55  4:18  Metabolic Boost  
  55  4:21  Zergling x4  
  57  4:30  Zergling x6  
  57  4:31  Baneling Nest, Queen x2  
  60  4:35  Overlord  
  60  4:38  Queen  
  63  4:43  Drone  
  66  4:47  Overlord  
  66  4:49  Roach Warren  
  65  4:59  Zergling x2  
  66  5:01  Overlord x2  
  66  5:11  Lair, Zergling x2  
  66  5:12  Zergling x8  
  66  5:13  Zergling x4  
  73  5:19  Drone  
  74  5:22  Drone, Overlord  
  74  5:24  Baneling x4  
  74  5:25  Baneling  
  75  5:30  Spore Crawler  
  75  5:31  Drone x2  
  75  5:33  Spore Crawler  
  75  5:38  Drone x2  
  75  5:41  Roach x3  
  83  5:43  Drone x7  
  90  5:58  Roach x2  
  90  6:00  Zergling x8  
  98  6:04  Overlord  
  98  6:06  Overlord  
  98  6:07  Overlord  
  98  6:08  Extractor  
  98  6:11  Infestation Pit  
  96  6:15  Overlord  
  92  6:29  Drone x3  
  92  6:30  Drone, Overseer  
  92  6:31  Zergling x8  
  92  6:32  Zergling x6  
  103  6:48  Pathogen Glands  
  103  6:50  Extractor x2, Drone x3  
  103  6:51  Drone x3  
  107  6:56  Extractor, Pneumatized Carapace  
  106  7:02  Hatchery  
  106  7:04  Roach x2, Zergling x2  
  106  7:05  Drone x2, Zergling x2  
  106  7:06  Drone  
  114  7:14  Roach  
  113  7:23  Drone  
  113  7:25  Swarm Host x3  
  113  7:27  Overlord x2  
  113  7:28  Zergling x12  
  127  7:44  Zergling x6  
  126  7:46  Ravager x4  
  126  7:49  Zergling x2  
  126  7:50  Zergling x4  
  133  7:55  Overlord  
  133  7:58  Zergling x12  
  139  8:01  Baneling  
  139  8:02  Baneling x8  
Show
View Real Time Build Order
Export as new Build Order

BlackWizard Protoss 

Build Orders:  

Get SALT Encoding   

  12  0:00  Probe (Chrono Boost)  
  13  0:11  Probe (Chrono Boost)  
  14  0:21  Pylon  
  14  0:22  Probe (Chrono Boost)  
  15  0:39  Probe (Chrono Boost)  
  16  0:43  Forge  
  17  0:50  Probe (Chrono Boost)  
  17  0:58  Gateway  
  17  1:00  Probe (Chrono Boost)  
  18  1:07  Assimilator  
  18  1:09  Assimilator  
  18  1:13  Probe (Chrono Boost)  
  19  1:24  Probe (Chrono Boost)  
  20  1:29  Pylon  
  20  1:36  Probe (Chrono Boost)  
  21  1:49  Probe (Chrono Boost)  
  22  1:55  Zealot, Pylon  
  24  2:13  Photon Cannon  
  24  2:15  Gateway  
  24  2:20  Probe (Chrono Boost)  
  24  2:21  Photon Cannon  
  24  2:31  Nexus  
  24  2:35  Cybernetics Core  
  24  2:39  Probe (Chrono Boost)  
  25  2:50  Probe (Chrono Boost)  
  26  3:00  Probe (Chrono Boost)  
  27  3:10  Adept  
  29  3:19  Mothership Core (Chrono Boost), Pylon  
  31  3:21  Warp Gate  
  30  3:29  Twilight Council  
  30  3:38  Probe (Chrono Boost)  
  31  3:45  Robotics Facility, Probe (Chrono Boost)  
  32  3:49  Probe (Chrono Boost)  
  32  3:52  Pylon  
  32  3:54  Resonating Glaives  
  33  3:56  Probe (Chrono Boost)  
  33  4:00  Probe (Chrono Boost)  
  35  4:11  Stalker  
  35  4:15  Probe (Chrono Boost)  
  39  4:18  Probe (Chrono Boost)  
  39  4:28  Probe (Chrono Boost)  
  39  4:30  Probe (Chrono Boost)  
  41  4:31  Dark Shrine  
  42  4:40  Warp Prism, Probe (Chrono Boost)  
  44  4:48  Probe (Chrono Boost)  
  44  4:52  Probe (Chrono Boost)  
  46  4:55  Gateway  
  47  5:00  Gateway  
  47  5:01  Probe (Chrono Boost)  
  47  5:04  Probe (Chrono Boost)  
  47  5:06  Assimilator  
  48  5:14  Pylon, Probe (Chrono Boost)  
  49  5:15  Probe (Chrono Boost)  
  50  5:23  Observer  
  50  5:25  Adept  
  53  5:29  Probe x2 (Chrono Boost)  
  53  5:34  Assimilator  
  55  5:40  Gateway, Probe (Chrono Boost)  
  55  5:41  Gateway  
  56  5:43  Gateway  
  56  5:44  Probe (Chrono Boost)  
  57  5:50  Dark Templar  
  57  5:55  Dark Templar  
  63  5:57  Probe (Chrono Boost)  
  63  6:06  Immortal  
  66  6:11  Probe (Chrono Boost)  
  66  6:12  Probe (Chrono Boost)  
  68  6:22  Probe (Chrono Boost)  
  68  6:26  Probe (Chrono Boost), Sentry  
  68  6:30  Pylon  
  68  6:31  Gateway  
  70  6:33  Pylon  
  70  6:42  Pylon  
  70  6:43  Pylon  
  70  6:45  Immortal  
  70  6:50  Pylon  
  70  6:51  Gateway  
  70  6:53  Sentry x2  
  70  6:54  Sentry x2  
  82  6:58  Adept  
  84  7:04  Zealot  
  86  7:12  Pylon  
  85  7:23  Probe (Chrono Boost)  
  85  7:24  Adept x4  
  85  7:25  Adept  
  85  7:28  Sentry  
  97  7:33  Probe (Chrono Boost)  
  97  7:36  Probe (Chrono Boost)  
  99  7:39  Pylon  
  99  7:45  Sentry  
  99  7:46  Adept x3, Sentry  
  109  7:56  Pylon  
  109  7:59  Stalker  
  109  8:03  Stalker x2  
Tags
 
Add a new tag
Caveats
  • Supply blocks, unpowered buildings, or Contaminate may cause inaccurate times.
  • Supply counts are checked every 10 seconds.